 Dungeon Crawl Stone Soup version 0.29.1-1-gd02db6906a (webtiles) character file.

Game seed: 16490313739948582569

508 Glamhuggeren the Trooper (level 6, -1/46 HPs)
             Began as a Demonspawn Gladiator on Oct 7, 2022.
             Slain by an orc priest
             ... wielding a +0 trident
              (4 damage)
             ... on level 4 of the Dungeon.
             The game lasted 00:06:36 (3396 turns).

Glamhuggeren the Trooper (Demonspawn Gladiator)     Turns: 3396, Time: 00:06:36

Health: -1/46      AC:  6    Str: 17    XL:     6   Next: 98%
Magic:  15/15      EV: 12    Int:  9    God:
Gold:   155        SH:  0    Dex: 14    Spells: 5/5 levels left

rFire   . . .      SeeInvis .   a - +0 war axe
rCold   . . .      Faith    .   (no shield)
rNeg    . . .      Spirit   .   b - +0 leather armour
rPois   .          Reflect  .   c - +0 helmet
rElec   .          Harm     .   (no cloak)
rCorr   .          Rampage  .   (no gloves)
Will    .....                   (no boots)
Stlth   +.........              (no amulet)
HPRegen 1.15/turn               f - ring of magical power
MPRegen 0.14/turn               (no ring)

@: no status effects
A: hooves 2, thin metallic scales 1, powered by death 1, demonic magic 1, frail
1
a: no special abilities


You were on level 4 of the Dungeon.
You visited 1 branch of the dungeon, and saw 4 of its levels.

You collected 155 gold pieces.

Inventory:

Hand Weapons
 a - a +0 war axe (weapon)
Missiles
 d - 2 throwing nets (quivered)
 e - a javelin
 h - 39 stones
 q - 2 boomerangs
Armour
 b - a +0 leather armour (worn)
 c - a +0 helmet (worn)
Jewellery
 f - a ring of magical power (left hand)
Wands
 k - a wand of flame (9)
 p - a wand of digging (2)
Scrolls
 g - a scroll of butterflies {unknown}
 i - 3 scrolls of enchant armour {unknown}
 j - a scroll of torment {unknown}
 l - a scroll of identify {unknown}
 m - 3 scrolls of magic mapping {unknown}
 t - 2 scrolls of blinking {unknown}
Potions
 n - a potion of resistance {unknown}
 o - a potion of mutation
 r - a potion of might {unknown}
 s - a potion of lignification {unknown}
 u - a potion of haste {unknown}
 w - a potion of brilliance {unknown}


   Skills:
 * Level 6.1 Fighting
 + Level 4.5 Axes
 - Level 2.0 Throwing
 - Level 3.0 Dodging


You had 5 spell levels left.
You didn't know any spells.
Your spell library contained the following spells:

 Spells                   Type           Power      Damage    Failure   Level
 Magic Dart               Conj           0%         1d3       45%         1
 Call Imp                 Summ           0%         N/A       58%         2
 Mephitic Cloud           Conj/Pois/Air  0%         N/A       83%         3
 Stone Arrow              Conj/Erth      0%         3d7       83%         3
 Animate Armour           Summ/Erth      0%         N/A       99%         4
 Lehudib's Crystal Spear  Conj/Erth      0%         10d2      100%        8


Dungeon Overview and Level Annotations

Branches:
Dungeon (4/15)
 Temple: D:4-7

Altars:


Innate Abilities, Weirdness & Mutations

You have hoof-like feet.
You are partially covered in thin metallic scales. (AC +2)
You regenerate a little health from kills.
Spells you cast may paralyse adjacent enemies.
You are frail. (-10% HP)


Message History

Beogh smites you! The orc misses you.
The orc priest hits you from afar with a +0 trident.
The orc hits you with a +0 hand axe. The orc hits you but does no damage.
You barely miss the orc. You hit the orc. You closely miss the orc priest.
The orc priest misses you. The orc hits you but does no damage.
The orc closely misses you.
The orc priest hits you but does no damage.
The orc misses you.
You slash the orc!
You kill the orc!
You closely miss the orc. You hit the orc priest.
The orc hits you but does no damage.
The orc priest hits you but does no damage.
The orc closely misses you.
The orc priest hits you from afar with a +0 trident.
Your life force feels restored.
You hit the orc priest but do no damage.
The orc priest is lightly wounded.
You barely miss the orc. The orc closely misses you.
The orc priest completely misses you. The orc completely misses you.
The orc priest hits you from afar with a +0 trident.
The orc hits you from afar with a +0 trident.
* * * LOW HITPOINT WARNING * * *
The orc hits you with a +0 hand axe.
* * * LOW HITPOINT WARNING * * *
The orc priest hits you with a +0 dagger.
* * * LOW HITPOINT WARNING * * *
The orc priest hits you from afar with a +0 trident.
* * * LOW HITPOINT WARNING * * *
You hit the orc priest but do no damage.
You kick the orc priest!
The orc priest is heavily wounded.
You hit the orc. The orc closely misses you.
The orc priest looks braver for a moment.
The orc barely misses you. The orc priest misses you.
You slash the orc priest!
You kill the orc priest!
You closely miss the orc.
The orc priest hits you from afar with a +0 trident.
You die...

# ## #. #.###.
#..... . #..oo# .
####..o)# #
......)@##
#......:.##
##.##.....####
####.....########
##...........#
##...###....#
##### ##..## #..#
##.# #


You could see an orc priest and 2 orcs.

Vanquished Creatures
  Grinder (D:3)
  A scorpion (D:3)
  A necrophage (D:4)
  2 orc priests
  Terence (D:2)
  Robin (D:2)
  3 adders
  A dart slug (D:2)
  13 orcs
  7 bats
  5 endoplasms
  2 giant cockroaches
  14 goblins
  8 hobgoblins
  6 jackals
  4 quokkas
  5 ball pythons
  2 frilled lizards
  5 kobolds
  5 rats
87 creatures vanquished.

Vanquished Creatures (others)
  5 toadstools (D:1)
5 creatures vanquished.

Grand Total: 92 creatures vanquished

Notes
Turn   | Place    | Note
-------+----------+-------------------------------------------
     0 | D:1      | Glamhuggeren the Demonspawn Gladiator began the quest for
                  | the Orb.
     0 | D:1      | Reached XP level 1. HP: 16/16 MP: 1/1
   353 | D:1      | Gained mutation: You have large cloven feet. [demonic
                  | ancestry]
   353 | D:1      | Reached XP level 2. HP: 15/23 MP: 2/2
   469 | D:1      | Found a faded altar of an unknown god.
  1331 | D:2      | Gained mutation: You have hoof-like feet. [demonic
                  | ancestry]
  1331 | D:2      | Reached XP level 3. HP: 24/28 MP: 3/3
  1500 | D:2      | Reached skill level 3 in Fighting
  1563 | D:2      | Noticed Terence
  1573 | D:2      | Killed Terence
  1574 | D:2      | Gained mutation: You regenerate a little health from kills.
                  | [demonic ancestry]
  1574 | D:2      | Reached XP level 4. HP: 30/35 MP: 4/4
  1648 | D:2      | Noticed Robin
  1663 | D:2      | Killed Robin
  1869 | D:3      | Reached skill level 4 in Fighting
  1869 | D:3      | Gained mutation: Spells you cast may paralyse adjacent
                  | enemies. [demonic ancestry]
  1869 | D:3      | Reached XP level 5. HP: 24/42 MP: 5/5
  2708 | D:3      | Noticed Grinder
  2710 | D:3      | Paralysed by Grinder for 5 turns
  2726 | D:3      | Paralysed by Grinder for 5 turns
  2741 | D:3      | Killed Grinder
  2742 | D:3      | Reached skill level 5 in Fighting
  2742 | D:3      | Gained mutation: You are partially covered in thin metallic
                  | scales. (AC +2) [demonic ancestry]
  2742 | D:3      | Reached XP level 6. HP: 36/52 MP: 6/6
  3041 | D:4      | Reached skill level 6 in Fighting
  3391 | D:4      | Gained mutation: You are frail. (-10% HP) [potion of
                  | mutation]
  3394 | D:4      | HP: 1/46 [orc priest/+0 trident (5)]
  3396 | D:4      | Slain by an orc priest

Illustrated notes

Levels and vault maps discovered:
D:1:      ldierk_walled_garden, layout_basic, hellmonk_ecumenical_altar_blasted
D:2:      layout_rooms, uniq_terence, uniq_robin
D:3:      layout_loops_ring, uniq_grinder
D:4:      layout_layer_cave

Skill      XL: |  1  2  3  4  5  6 |
---------------+-------------------+-----
Throwing       | 2 |  2.0
Dodging        | 3 |  3.0
Axes           | 3 4 |  4.5
Fighting       | 3 4 5 6 |  6.1

Action                   |  1- 3 |  4- 6 || total
-------------------------+-------+-------++-------
Melee: War axe           |    73 |   118 ||   191
       Kick              |    14 |    36 ||    50
       Punch             |     1 |     2 ||     3
Throw: Throwing net      |     1 |     4 ||     5
  Use: Potion            |       |     7 ||     7
 Stab: Sleeping          |       |     1 ||     1
Armor: Leather armour    |    25 |    34 ||    59
Dodge: Dodged            |    59 |    91 ||   150
